 Dungeon Crawl Stone Soup version 0.20.0-15-g7f486f2 (webtiles) character file.

5914 tof the Cruncher (level 10, -1/79 HPs)
             Began as a Demonspawn Gladiator on June 30, 2017.
             Was a High Priest of Okawaru.
             Succumbed to a queen ant's poison
             ... on level 8 of the Dungeon.
             The game lasted 00:35:19 (11139 turns).

tof the Cruncher (Demonspawn Gladiator)            Turns: 11139, Time: 00:35:20

Health: -1/79      AC: 17    Str: 12 (15) XL:     10   Next: 53%
Magic:  10/10      EV:  8    Int:  9 (10) God:    Okawaru [*****.]
Gold:   475        SH:  0    Dex: 13 (15) Spells: 9/9 levels left

rFire    . . .     SeeInvis .   a - +0 quarterstaff
rCold    . . .     Gourm    .   (shield currently unavailable)
rNeg     . . .     Faith    .   p - +0 chain mail
rPois    .         Spirit   .   (helmet unavailable)
rElec    .         Reflect  .   (no cloak)
rCorr    .         Harm     .   e - +0 pair of gloves
MR       .....                  F - +2 pair of boots
Stlth    ..........             (no amulet)
Regen    0.3/turn               o - ring of stealth
MPRegen  0.2/turn               (no ring)

@: lethally poisoned (-1 -> -37)
A: horns 3, rugged brown scales 2, clumsy 1, demonic guardian 1, powered by
death 1, wild magic 1
a: Heroism, Finesse, Renounce Religion


You were on level 8 of the Dungeon.
You worshipped Okawaru.
Okawaru was extremely pleased with you.
You were hungry.

You visited 2 branches of the dungeon, and saw 10 of its levels.

You collected 475 gold pieces.

Inventory:

Hand Weapons
 a - a +0 quarterstaff (weapon)
 b - a +0 blowgun
Missiles
 c - 2 curare-tipped needles
 d - 5 throwing nets (quivered)
 t - 9 tomahawks
 D - 38 poisoned needles
 I - 8 tomahawks of returning
 L - 5 needles of confusion
Armour
 e - a +0 pair of gloves (worn)
 l - a cursed -1 leather armour
 p - a +0 chain mail (worn)
 F - a +2 pair of boots (worn)
Jewellery
 o - a ring of stealth (left hand)
Wands
 y - a wand of confusion (26/48)
 C - a wand of acid (3/15)
 K - a wand of flame (16/48)
Scrolls
 h - 4 scrolls of amnesia {unknown}
 i - 5 scrolls of enchant weapon
 k - a scroll of random uselessness
 q - 3 scrolls of remove curse
 u - 2 scrolls of magic mapping
 v - 5 scrolls of teleportation
 w - 2 scrolls of fog
 x - a scroll of enchant armour
 G - 3 scrolls of recharging {unknown}
 M - 2 scrolls of blinking {unknown}
Potions
 j - a potion of magic
 n - 2 potions of haste
 r - 2 potions of degeneration
 z - a potion of resistance
 B - a potion of brilliance
 E - 3 potions of might {unknown}
 J - a potion of agility
Books
 H - a book of Changes

   Spells                             Type                      Level
   a - Beastly Appendage              Transmutation                1
   b - Sticks to Snakes               Transmutation                2
   c - Spider Form                    Transmutation/Poison         3
   d - Ice Form                       Ice/Transmutation            4
   e - Blade Hands                    Transmutation                5
Comestibles
 f - 5 bread rations
 g - 6 fruits
 m - 9 meat rations
 A - 2 royal jellies


   Skills:
 + Level 6.1 Fighting
 * Level 8.5 Staves
 + Level 5.8 Throwing
 * Level 7.7 Armour
 + Level 6.1 Dodging


You had 9 spell levels left.
You didn't know any spells.

Dungeon Overview and Level Annotations

Branches:
Dungeon (9/15)             Temple (1/1) D:4
   Lair: D:8-11         Orc: D:9-12

Altars:
Ashenzari
Cheibriados
Dithmenos
Elyvilon
Fedhas
Gozag
Hepliaklqana
Kikubaaqudgha
Makhleb
Nemelex Xobeh
Okawaru
Qazlal
Sif Muna
Trog
Uskayaw
Vehumet
Xom
Yredelemnul
Zin
The Shining One

Annotations:
D:5 water doors


Innate Abilities, Weirdness & Mutations

You have a pair of large horns on your head.
You are mostly covered in rugged brown scales. (AC +2, +5% HP)
A weak demonic guardian rushes to your aid.
You regenerate a little health from kills.
You are clumsy. (Dex -2)
Your spells are a little harder to cast, but a little more powerful.


Message History

9 stones; a giant club x2
You swap places.
* * * LOW HITPOINT WARNING * * *
You feel very sick.
Your iron imp hits the queen ant.
The queen ant stings your iron imp but does no damage.
You see here an arrow.
* * * LOW HITPOINT WARNING * * *
You feel very sick.
Your iron imp hits the queen ant but does no damage.
The queen ant stings your iron imp.
You see here an arrow.
It was a potion of degeneration.
There was something very wrong with that liquid.
You feel weakened.
You feel dopey.
You feel clumsy.
Your surroundings suddenly seem different.
* * * LOW HITPOINT WARNING * * *
You feel very sick.
It was a potion of magic.
Magic courses through your body.
You die...

## .# ### '#### ### #.. ....#
#.#### ######### #.. ..⌠.# #....#
#.......# #.. ....###########.#
#.......###.# ⌠...'.#.....#
#.#####.......##..# ....#.......#
#.............##.##
..⌠.###.....####@.....<.....#....
....# #............##.......#.#.#
'#### ####....###..##.......#...#
..## ##...........##.........###
#..####.........##..###.......#
.[.......####.#.###.##..#####.#
####..............#.#..######.#
###....####.#...............# #
##....#.## #)##.##...........###


There were no monsters in sight!

Vanquished Creatures
  2 two-headed ogres (D:8)
  9 soldier ants
  A water moccasin (D:8)
  A sky beast (D:6)
  3 ice beasts
  3 orc warriors
  3 phantoms
  A necrophage (D:4)
  3 centaurs
  A wolf (D:6)
  A crocodile (D:7)
  A bullfrog (D:8)
  A wyvern zombie (D:6)
  2 big kobolds (D:8)
  3 scorpions
  3 wights (D:6)
  A jelly (D:7)
  2 howler monkeys (D:8)
  6 crimson imps
  2 centaur skeletons
  3 orc priests (D:8)
  4 hounds
  3 bullfrog skeletons
  6 orc wizards
  3 iguanas
  10 worker ants
  A killer bee zombie (D:7)
  A hound skeleton (D:7)
  A gnoll (D:6)
  12 adders
  A shadow imp (D:8)
  An ooze (D:1)
  An adder zombie (D:7)
  4 worms
  2 adder skeletons (D:4)
  4 dart slugs
  3 leopard geckos (D:3)
  28 orcs
  4 ball pythons
  10 giant cockroaches
  2 gnoll zombies (D:4)
  8 goblins
  7 hobgoblins
  27 kobolds
  3 quokkas
  9 bats
  5 frilled lizards
  2 jackal skeletons
  A leopard gecko skeleton (D:6)
  4 quokka skeletons
  A quokka zombie (D:5)
  5 rats
  A plant (D:8)
226 creatures vanquished.

Vanquished Creatures (collateral kills)
  A hornet (D:7)
  A soldier ant (D:9)
  An ogre (D:7)
  A centaur (D:6)
  A bullfrog (D:9)
  A howler monkey (D:8)
  A crimson imp (D:9)
  An orc priest (D:8)
  2 orcs (D:7)
10 creatures vanquished.

Grand Total: 236 creatures vanquished

Notes
Turn   | Place    | Note
-------+----------+-------------------------------------------
     0 | D:1      | tof the Demonspawn Gladiator began the quest for the Orb.
     0 | D:1      | Reached XP level 1. HP: 16/16 MP: 1/1
   100 | D:1      | Gained mutation: You are partially covered in rugged brown scales. (AC +1, +3% HP) [demonic ancestry]
   100 | D:1      | Reached XP level 2. HP: 16/22 MP: 2/2
   118 | D:1      | Reached skill level 3 in Staves
   853 | D:1      | Gained mutation: You regenerate a little health from kills. [demonic ancestry]
   853 | D:1      | Reached XP level 3. HP: 27/27 MP: 3/3
   906 | D:1      | Reached skill level 1 in Armour
   990 | D:2      | Found a hide-covered altar of Uskayaw.
  1433 | D:2      | Found a sparkling altar of Nemelex Xobeh.
  1608 | D:2      | Gained mutation: You have a pair of small horns on your head. [demonic ancestry]
  1608 | D:2      | Reached XP level 4. HP: 31/35 MP: 4/4
  1832 | D:3      | Found a shimmering altar of Xom.
  2146 | D:3      | Gained mutation: Your muscles are strong. (Str +2) [potion of mutation]
  2146 | D:3      | Gained mutation: You are mostly covered in rugged brown scales. (AC +2, +5% HP) [potion of mutation]
  2146 | D:3      | Gained mutation: You possess an exceptional clarity of mind. [potion of mutation]
  2146 | D:3      | Gained mutation: You can translocate small distances at will. [potion of mutation]
  2256 | D:3      | Lost mutation: Your muscles are strong. (Str +2) [potion of mutation]
  2256 | D:3      | Lost mutation: You are mostly covered in rugged brown scales. (AC +2, +5% HP) [potion of mutation]
  2256 | D:3      | Lost mutation: You can translocate small distances at will. [potion of mutation]
  2256 | D:3      | Lost mutation: You possess an exceptional clarity of mind. [potion of mutation]
  2256 | D:3      | Gained mutation: Scrolls take you a little longer to read. [potion of mutation]
  2256 | D:3      | Gained mutation: You are resistant to electric shocks. (rElec) [potion of mutation]
  2256 | D:3      | Gained mutation: You have a pair of horns on your head. [potion of mutation]
  2720 | D:4      | Noticed a necrophage
  2733 | D:4      | Killed a necrophage
  2733 | D:4      | Reached skill level 4 in Staves
  2733 | D:4      | Mutation became permanent: You have a pair of small horns on your head. [demonic ancestry]
  2733 | D:4      | Gained mutation: You have a pair of horns on your head. [demonic ancestry]
  2733 | D:4      | Reached XP level 5. HP: 40/40 MP: 5/5
  2899 | D:4      | Found a staircase to the Ecumenical Temple.
  2940 | Temple   | Entered the Ecumenical Temple
  3150 | Temple   | Became a worshipper of Warmaster Okawaru
  3274 | D:4      | Noticed a phantom
  3292 | D:4      | Killed a phantom
  3292 | D:4      | Gained mutation: A weak demonic guardian rushes to your aid. [demonic ancestry]
  3292 | D:4      | Reached XP level 6. HP: 34/47 MP: 6/6
  3950 | D:4      | Gained mutation: You are mostly covered in rugged brown scales. (AC +2, +5% HP) [demonic ancestry]
  3950 | D:4      | Reached XP level 7. HP: 48/54 MP: 7/7
  4025 | D:4      | Found a basalt altar of Yredelemnul.
  4101 | D:4      | Found a white marble altar of Elyvilon.
  4101 | D:4      | Found a bloodstained altar of Trog.
  4124 | D:5      | Entered Level 5 of the Dungeon
  4312 | D:5      | Reached skill level 5 in Staves
  4520 | D:5      | Lost mutation: Scrolls take you a little longer to read. [potion of mutation]
  4520 | D:5      | Lost mutation: You are resistant to electric shocks. (rElec) [potion of mutation]
  4520 | D:5      | Gained mutation: You are clumsy. (Dex -2) [potion of mutation]
  4520 | D:5      | Gained mutation: Your spells are a little harder to cast, but a little more powerful. [potion of mutation]
  4520 | D:5      | Gained mutation: You have a pair of large horns on your head. [potion of mutation]
  4528 | D:5      | Found a snail-covered altar of Cheibriados.
  4531 | D:5      | Found a radiant altar of Vehumet.
  4534 | D:5      | Found a glowing silver altar of Zin.
  4913 | D:6      | Reached * piety under Okawaru
  5306 | D:6      | Reached XP level 8. HP: 32/61 MP: 8/8
  6229 | D:7      | Reached skill level 6 in Staves
  6854 | D:7      | Noticed a hornet
  6857 | D:7      | Paralysed by a hornet for 2 turns
  6864 | D:7      | Killed a hornet
  6864 | D:7      | Reached skill level 5 in Armour
  7066 | D:7      | Found a glowing golden altar of the Shining One.
  7072 | D:7      | Reached ** piety under Okawaru
  7592 | D:7      | Reached XP level 9. HP: 69/69 MP: 9/9
  7960 | D:8      | Noticed a two-headed ogre
  7986 | D:8      | Killed a two-headed ogre
  7986 | D:8      | Reached *** piety under Okawaru
  7986 | D:8      | Reached skill level 5 in Fighting
  7986 | D:8      | Reached skill level 7 in Staves
  7986 | D:8      | Reached skill level 5 in Dodging
  8206 | D:8      | Found a basalt altar of Yredelemnul.
  8306 | D:8      | Reached skill level 5 in Throwing
  8314 | D:8      | Reached **** piety under Okawaru
  8327 | D:8      | Received a gift from Okawaru
  9658 | D:8      | Reached XP level 10. HP: 61/77 MP: 10/10
 10005 | D:8      | Received a gift from Okawaru
 10098 | D:8      | Reached skill level 8 in Staves
 10583 | D:8      | Noticed a two-headed ogre
 10597 | D:8      | Killed a two-headed ogre
 10811 | D:8      | Reached ***** piety under Okawaru
 11091 | D:9      | Noticed a queen ant
 11138 | D:8      | HP: 2/79 [poisoned by a queen ant]
 11139 | D:8      | Succumbed to a queen ant's poison

Skill      XL: |  1  2  3  4  5  6  7  8  9 10 |
---------------+-------------------------------+-----
Staves         | 3 4 5 6 7 8 |  8.5
Armour         | 1 2 3 4 5 7 |  7.7
Throwing       | 2 3 4 5 |  5.8
Dodging        | 3 4 5 6 |  6.1
Fighting       | 3 4 5 6 |  6.1

Action                   |  1- 3 |  4- 6 |  7- 9 | 10-12 || total
-------------------------+-------+-------+-------+-------++-------
Melee: Quarterstaff      |   109 |   145 |   492 |   198 ||   944
       Headbutt          |       |    25 |    91 |    48 ||   164
 Fire: Blowgun           |       |     6 |    20 |     6 ||    32
Evoke: Wand              |       |       |     9 |       ||     9
  Use: Potion            |       |     4 |     1 |     5 ||    10
       Scroll            |       |     6 |     7 |     1 ||    14
 Stab: Sleeping          |     2 |     1 |       |       ||     3
  Eat: Chunk             |     2 |     5 |    12 |     3 ||    22
       Bread ration      |       |     1 |     1 |       ||     2
       Royal jelly       |       |       |     1 |       ||     1
Armor: Leather armour    |    37 |     6 |       |       ||    43
       Chain mail        |       |    90 |   280 |    90 ||   460
Dodge: Dodged            |    70 |    63 |   200 |    96 ||   429
